[Event "Early-Titled-Tuesday-Blitz-September-05-2023"]
[Site "Chess.com"]
[Date "2023.09.05"]
[Round "7"]
[White "Ali_rastbod"]
[Black "MITerryble"]
[Result "1-0"]
[WhiteElo "2713"]
[BlackElo "2919"]
[TimeControl "180+1"]
[EndTime "9:18:25 PDT"]
[Termination "Ali_rastbod won by resignation"]

1. d4 e6 2. e4 d5 3. Bd3 dxe4 4. Bxe4 Nf6 5. Bf3 Nbd7 6. Ne2 Bd6 7. O-O O-O 8. Bg5 e5 9. Nbc3 Re8 10. Ng3 h6 11. Bxf6 Nxf6 12. Re1 Bd7 13. Nce4 Nxe4 14. Nxe4 Bf8 15.
Ng3 exd4 16. Qxd4 c6 17. Rxe8 Qxe8 18. Rd1 Be6 19. b3 Qe7 20. a4 a5 21. h3 Qb4 22.
Bg4 Bxg4 23. hxg4 b5 24. Qxb4 axb4 25. Ra1 g6 26. Ne4 Kg7 27. f4 f5 28. gxf5 gxf5 29. Nf2 c5 30. Kf1 c4 31. Nd1 Bc5 32. Ra2 Kf6 33. Nb2 c3 34. Nd3 Bd6 35. a5 Ra6 36.
Kf2 Ke6 37. Kf3 h5 38. g3 Kd5 39. Ra1 Kc6 40. Ra2 Kd7 41. Ra1 Ke6 42. Ra2 Kd5 43. Ra1 Be7 44. Ra2 Ke6 45. Ra1 Kf6 46. Ra2 Bd6 47. Ra1 Ke7 48. Ra2 Kd8 49. Ra1 Kc7 50. Ra2 Kc6 51. Ra1 Ra7 52. a6 Kb6 53. Rh1 Rxa6 54. Rxh5 Ra2 55. Ne1 Ra1 56. Ke2 Rc1 57. Rxf5 Kc6 58. g4 Ra1 59. g5 Ra8 60. Nd3 Ra2 61. Ne1 Ra8 62. Rf7 Re8+ 63. Kf1 Re3 64. g6 Rg3 65. g7 Kd5 66. f5 Ke5 67. f6 Ke6 68. Rf8 Be5 69. g8=Q+ Rxg8 70. Rxg8 Bxf6 71. Rg4 Be7 72. Nd3 Kf5 73. Rf4+ Ke6 74. Nxb4 Bd6 75.
Re4+ Kf5 76. Rd4 Ke5 77. Rxd6 Kxd6 78. Na2 Kc5 79. Nxc3 1-0

[Event "Early-Titled-Tuesday-Blitz-September-05-2023"]
[Site "Chess.com"]
[Date "2023.09.05"]
[Round "7"]
[White "artooon"]
[Black "Chopper1905"]
[Result "1-0"]
[WhiteElo "3052"]
[BlackElo "2881"]
[TimeControl "180+1"]
[EndTime "9:18:33 PDT"]
[Termination "artooon won by resignation"]

1. e4 c5 2. Nf3 d6 3. d4 cxd4 4.
Nxd4 Nf6 5. Nc3 a6 6. Bg5 e6 7.
f4 h6 8. Bh4 Qb6 9. a3 Be7 10.
Bf2 Qc7 11. Qf3 b5 12. O-O-O Bb7 13. g4 d5 14. e5 Ne4 15. Be1 Nc6 16. Nxc6 Bxc6 17. Ne2 g5 18. Nd4 Bb7 19. h4 gxf4 20. Qxf4 Rc8 21. Bd3 f6 22. Nxe6 Qxe5 23. Qxe5 fxe5 24.
Bxe4 dxe4 25. Rf1 Rg8 26. Bb4 e3 27. Rf5 Be4 28. Rxe5 Bxc2 29. Re1 Bxb4 30. Nc5+ Kf7 31. axb4 Bh7 32. R1xe3 Rxg4 33. b3 Rxb4 34. Kb2 Rxh4 35.
Ka3 b4+ 36. Ka4 Bg6 37. Re7+ Kf6 38. Nd7+ Kg5 39. R7e5+ Kf4 40. Nf6 Rh1 41. Nd5+ Kg4 42. Nf6+ Kf4 43. Nd5+ Kg4 44. Nf6+ Kh4 45. Kxb4 Rc6 46.
Nd5 Rd6 47. Kc5 Rd8 48. Ne7 Rc1+ 49. Kb4 Rb8+ 50. Ka3 Ra1+ 51. Kb2 Rb1+ 52. Ka2 Rg1 53. Re2 Bb1+ 54. Ka3 Bd3 55. Rd2 Bh7 56. Re3 Rg3 57. Rd4+ Kh3 58. Rxg3+ Kxg3 59. Rd6 Re8 60. Nd5 h5 61. Nf6 Re7 62. Nxh5+ Kf3 63. Nf6 a5 64. Ka4 Bc2 65. Rc6 Bxb3+ 66. Kxb3 Kg2 67. Nd5 a4+ 68. Kc4 Re4+ 69. Kd3 Re5 70. Kd4 Re1 71. Ra6 Rd1+ 72. Ke4 Re1+ 73. Kf5 Ra1 74. Kg4 a3 75. Rc6 Re1 76.
Rc2+ Kg1 77. Ra2 Rf1 78. Rxa3 Kf2 79. Ra2+ Kg1 80. Nf4 Rc1 81. Ne2+ 1-0

[Event "Early-Titled-Tuesday-Blitz-September-05-2023"]
[Site "Chess.com"]
[Date "2023.09.05"]
[Round "7"]
[White "blitzo_vich"]
[Black "Kirill_Klukin"]
[Result "0-1"]
[WhiteElo "2617"]
[BlackElo "2800"]
[TimeControl "180+1"]
[EndTime "9:18:33 PDT"]
[Termination "Kirill_Klukin won by resignation"]

1. c4 c5 2. Nf3 g6 3. Nc3 Bg7 4. e3 Nf6 5. d4 cxd4 6. exd4 d5 7. cxd5 O-O 8. Qb3 Nbd7 9. Be2 Nb6 10. O-O Nfxd5 11. Rd1 Be6 12. Qa3 Rc8 13. Bg5 h6 14. Bh4 g5 15. Bg3 a6 16. Rac1 Nc4 17. Bxc4 Rxc4 18. Ne4 Nb6 19. b3 Rxc1 20. Rxc1 Bd5 21. Bc7 Qd7 22. Bxb6 Bxe4 23. Nd2 Bc6 24. Re1 e6 25.
Qb4 Qd5 26. f3 Rc8 27. Ne4 Qb5 28. Qxb5 Bxb5 29. Bc5 Rd8 30. Kf2 Bxd4+ 31. Bxd4 Rxd4 32. Rc1 Bc6 33. Ke3 Rd8 34. Nc5 Bd5 35. Nd3 Bc6 36.
Nb4 Rd6 37. Nxc6 bxc6 38. b4 Kf8 39. Rc5 Rd5 40. Rxc6 a5 41. a3 axb4 42. axb4 Rd1 43. b5 Rb1 44. b6 Kg7 45. Kd4 Rb2 46. Kc5 Rxg2 47. b7 Rc2+ 48. Kd6 Rb2 49. Kc7 Rxb7+ 50. Kxb7 Kf6 51. Kb6 Kf5 52. Kc5 Kf4 53. Kd4 f5 54. Rc3 e5+ 55. Kd5 h5 56. h3 h4 57. Rd3 Kg3 58.
Kxe5 f4 59. Kf5 Kxh3 60. Kxg5 Kg3 61. Rd1 h3 62. Rg1+ Kxf3 63. Kh4 h2 64. Ra1 Kg2 65.
Ra2+ Kg1 66. Kg4 f3 67. Ra1+ Kg2 68. Ra2+ f2 69. Ra1 h1=Q 70. Rxh1 Kxh1 71. Kg5 f1=Q 0-1

[Event "Early-Titled-Tuesday-Blitz-September-05-2023"]
[Site "Chess.com"]
[Date "2023.09.05"]
[Round "7"]
[White "GaiozNigalidze"]
[Black "FGHSMN"]
[Result "1-0"]
[WhiteElo "2772"]
[BlackElo "2918"]
[TimeControl "180+1"]
[EndTime "9:18:35 PDT"]
[Termination "GaiozNigalidze won by resignation"]

1. Nf3 d5 2. c4 c6 3. b3 Nf6 4. Bb2 Bf5 5. g3 e6 6. Bg2 h6 7.
O-O Be7 8. d3 O-O 9. Nbd2 Nbd7 10.
a3 a5 11. h3 Bh7 12. Bc3 Rc8 13. b4 axb4 14. axb4 Bd6 15. Qb3 e5 16. c5 Bc7 17.
Bb2 Qe7 18. e3 Ra8 19. Rfe1 e4 20. dxe4 dxe4 21. Nd4 Ne5 22. Rxa8 Rxa8 23. Ra1 Rxa1+ 24. Bxa1 h5 25. Ne2 h4 26. gxh4 Qd7 27. Qc3 Ng6 28.
Qd4 Qe7 29. h5 Nh4 30. h6 Nf5 31. Qc4 Nxh6 32. Nc3 Qe5 33. Nf1 Bf5 34. Qa2 Qe8 35. Ne2 Qc8 36. Bxf6 gxf6 37. Qb2 Be5 38. Qc2 Bxh3 39.
Qxe4 Bf5 40. Qf3 Bg6 41. Nf4 Qf5 42. Nxg6 fxg6 43. Qd1 Qc8 44. Qb3+ Kg7 45. b5 Nf5 46. bxc6 bxc6 47. Qa4 Ne7 48. f4 Bc3 49. Qc4 Ba5 50.
Qe4 Qd7 51. Ng3 Bc7 52. Kh2 Nd5 53. Ne2 f5 54. Qd4+ Kg8 55. Bxd5+ cxd5 56. Kg2 Ba5 57.
Kf3 Qc6 58. Kg3 Kf7 59. Qe5 Qxc5 60. Nd4 Qe7 61. Qxe7+ Kxe7 62. Nc6+ Kd6 63. Nxa5 Kc5 64. Nb3+ Kc4 65. Nd4 Kd3 66. Kf3 Kc4 67. Ne6 Kd3 68. Ng5 d4 69. exd4 Kxd4 70. Nf7 Kd5 71. Ng5 Kd4 72. Ke2 Kd5 73. Kd3 Kc5 74. Nf3 Kd5 75.
Nh4 g5 76. fxg5 f4 77. Ke2 Ke6 78. Kf3 Ke5 79. g6 Kf6 80. Kxf4 Kg7 81. Kg5 Kg8 82. Nf5 Kh8 83. Kf6 Kg8 84. Ne7+ Kh8 85. g7+ 1-0

[Event "Early-Titled-Tuesday-Blitz-September-05-2023"]
[Site "Chess.com"]
[Date "2023.09.05"]
[Round "7"]
[White "Iball95"]
[Black "Journey_to_GrandMaster_YT"]
[Result "0-1"]
[WhiteElo "2804"]
[BlackElo "2635"]
[TimeControl "180+1"]
[EndTime "9:18:47 PDT"]
[Termination "Journey_to_GrandMaster_YT won on time"]

1. e4 d6 2. d4 Nf6 3. Nc3 e5 4. dxe5 dxe5 5. Qxd8+ Kxd8 6. Bg5 c6 7. Nf3 Nd7 8. O-O-O Kc7 9. Bc4 Ng4 10. Bh4 f6 11.
Nd2 b5 12. Bd3 Bc5 13. Rdf1 Bb6 14. h3 Nh6 15. Nb3 a5 16. a4 b4 17. Nb1 Nc5 18.
Nxc5 Bxc5 19. Nd2 Nf7 20. f3 Ba6 21. Bxa6 Rxa6 22. Bf2 Bxf2 23. Rxf2 Rd8 24. Rd1 Raa8 25. Nb3 Nd6 26. Nc5 Re8 27. b3 Rad8 28. Rfd2 Kb6 29.
Rxd6 Rxd6 30. Rxd6 Kxc5 31. Rd7 Rg8 32. Kd2 h5 33.
Ke3 g5 34. Rf7 Rg6 35. Kd3 g4 36. fxg4 hxg4 37. h4 g3 38. Ke3 Rg4 39. Rxf6 Rxh4 40. Re6 Rh5 41. Kf3 Rg5 42. Ke3 Rh5 43. Rg6 Rh1 44. Rxg3 Re1+ 45. Kd3 Rd1+ 46. Ke2 Rc1 47. Kd2 Rg1 48. Rg6 Kd4 49. Rxc6 Rxg2+ 50. Kc1 Rg1+ 51. Kd2 Rg2+ 52. Kc1 Kxe4 53. Rc5 Kd4 54. Rxa5 e4 55. Ra8 Rg1+ 56. Kd2 e3+ 57. Ke2 Rg2+ 58. Kf3 Rf2+ 59. Kg3 Rxc2 60. a5 Ra2 61. a6 Kc3 62. Kf3 e2 63. Re8 Kxb3 64. Re3+ Kc4 65. Re4+ Kc3 66. Re3+ Kc4 67. Re4+ Kb5 68. Rxe2 Rxa6 69. Re5+ Kc4 70. Ke3 Rd6 71. Re8 Kc3 72. Rc8+ Kb2 73. Ke2 b3 74. Rc4 Kb1 75. Ke1 b2 76. Rc8 Rd5 77.
Rc7 Rb5 78. Kd1 Rd5+ 79. Ke2 Ka2 80. Ra7+ Kb3 81. Rb7+ Kc3 82. Rc7+ Kb4 83. Rc1 bxc1=Q 0-1

[Event "Early-Titled-Tuesday-Blitz-September-05-2023"]
[Site "Chess.com"]
[Date "2023.09.05"]
[Round "7"]
[White "rasmussvane"]
[Black "twofoxniel"]
[Result "1-0"]
[WhiteElo "2951"]
[BlackElo "2661"]
[TimeControl "180+1"]
[EndTime "9:19:04 PDT"]
[Termination "rasmussvane won on time"]

1. Nf3 d5 2. g3 c6 3. Bg2 Nf6 4. O-O Bf5 5. c4 e6 6. Qb3 Qb6 7. d3 Nbd7 8. cxd5 exd5 9. Qc2 Be7 10. Nc3 O-O 11. e4 dxe4 12. dxe4 Bg6 13. Nh4 Rfe8 14. h3 Qa5 15. f4 Qc5+ 16. Kh2 Bxe4 17. Bxe4 Nxe4 18. Qxe4 Bxh4 19. Qd3 Bf6 20. Bd2 Nb6 21.
Rae1 Nc4 22. Ne4 Qd5 23. Nxf6+ gxf6 24. Qxd5 cxd5 25. Bc3 f5 26. Kg1 Re4 27. Rf3 Rae8 28. Rd1 Rd8 29. Rfd3 Ne3 30. R1d2 Kf8 31. Kf2 Nc4 32.
Rxd5 Rde8 33. R2d3 Re2+ 34. Kf3 Nxb2 35. Bxb2 Rxb2 36.
a3 Re7 37. Rxf5 Kg7 38. Rg5+ Kf6 39. Kg4 h6 40. Rf5+ Kg7 41. h4 b5 42. Rh5 Re6 43.
Rf5 Rf6 44. Rxf6 Kxf6 45. Rd6+ Kg7 46. Ra6 b4 47. axb4 Rxb4 48. Rxa7 Rb5 49. Ra6 Rc5 50. Rd6 Rb5 51. Rc6 Rd5 52. Rb6 Rc5 53. Rb4 Rd5 54. Re4 Rc5 55. Re5 Rc3 56. Rd5 Rb3 57. Rc5 Rd3 58. Rf5 Rc3 59. Re5 Rb3 60. Re2 Rc3 61. Rf2 Kg6 62. h5+ Kg7 63. Kh4 Rc1 64. g4 Rh1+ 65. Kg3 Rg1+ 66. Kf3 Kf6 67. Rg2 Rf1+ 68.
Kg3 Kg7 69. g5 hxg5 70. fxg5 Rf5 71. Kg4 Rf1 72. Rg3 Rf2 73. Rf3 Rg2+ 74. Kf5 Rh2 75. h6+ Kf8 76. Kf6 Re2 77. Rf4 Re6+ 78. Kf5 Kg8 79. Kg4 Rg6 80. Kh5 Re6 81. Rf5 Re1 82.
Rf4 Rh1+ 83. Kg4 Rg1+ 84. Kf5 Re1 85. Re4 Rf1+ 86. Kg4 Kh7 87. Rf4 Rxf4+ 88. Kxf4 Kg6 89. Ke5 1-0

[Event "Early-Titled-Tuesday-Blitz-September-05-2023"]
[Site "Chess.com"]
[Date "2023.09.05"]
[Round "7"]
[White "Irina_Mikhaylova"]
[Black "Jahonas"]
[Result "1-0"]
[WhiteElo "2315"]
[BlackElo "2397"]
[TimeControl "180+1"]
[EndTime "9:19:04 PDT"]
[Termination "Irina_Mikhaylova won on time"]

1. d4 Nf6 2. Nf3 e6 3. c4 b6 4. a3 Bb7 5. Nc3 d5 6. cxd5 Nxd5 7.
Bd2 Be7 8. Qc2 Nd7 9. e4 Nxc3 10. Bxc3 O-O 11. Rd1 Qe8 12. Bb5 c6 13. Be2 c5 14.
d5 exd5 15. exd5 Bf6 16. O-O Bxc3 17. bxc3 Nf6 18. c4 Rd8 19. Rfe1 Qd7 20. Bd3 Rfe8 21.
Ne5 Qd6 22. f4 h6 23. a4 Nd7 24. Qc3 Nf8 25. Bc2 f6 26. Nd3 Bc8 27. g3 Bf5 28. Nf2 Qd7 29. Be4 Bg4 30. Ra1 f5 31. Bc2 Rxe1+ 32. Rxe1 Nh7 33. Nxg4 fxg4 34. Qd3 Nf6 35. Re6 Qxe6 36. dxe6 Rxd3 37. Bxd3 Kf8 38. Kf2 Ke7 39. f5 Kd6 40. Ke3 Ke5 41. Bc2 Ng8 42. Bd1 h5 43. Bc2 Ne7 44. Bd3 a5 45. Bc2 Nc6 46. Bd3 Kf6 47. Kf4 Ne7 48. Bc2 Nc6 49. Bd3 Nd4 50. Be4 g6 51. fxg6 Nxe6+ 52. Ke3 Ke5 53. Bd5 Ng7 54. Bf7 Kf6 55. Kf4 Nf5 56.
Ke4 Nd6+ 57. Kd5 Nxf7 58. gxf7 Kxf7 59. Kc6 Ke6 60. Kxb6 Ke5 61. Kxc5 Ke4 62. Kb5 Kf3 63.
c5 Kg2 64. c6 Kxh2 65. c7 Kxg3 66. c8=Q h4 67. Qc3+ Kh2 68. Qxa5 g3 69. Qc7 h3 70. a5 Kg2 71. Qc6+ Kh2 72. Qd6 Kg2 73. Qd5+ Kg1 74. Qd1+ Kh2 75. Qd6 Kg2 76. Qd5+ Kh2 77. Qe5 Kg2 78.
Qe4+ Kf2 79. Qf4+ Kg2 80. Qe4+ Kh2 81. Qf4 Kg2 82. a6 h2 83. Qe4+ Kg1 84. Qe3+ Kg2 85. Qe4+ Kg1 86. Qd4+ Kg2 87. Qd2+ Kg1 88. Qe1+ Kg2 89.
Qe2+ Kg1 90. Qg4 g2 91. Qd1+ Kf2 92. Qd2+ Kg3 93. Qe3+ Kg4 94. Qe4+ Kg3 95. Qe5+ Kh3 96. Qe3+ Kg4 97. Qe4+ Kh3 98. Qf3+ Kh4 99. Qxg2 h1=Q 100. Qxh1+ 1-0

[Event "Early-Titled-Tuesday-Blitz-September-05-2023"]
[Site "Chess.com"]
[Date "2023.09.05"]
[Round "8"]
[White "nihalsarin"]
[Black "Bauman_Guy"]
[Result "1-0"]
[WhiteElo "3128"]
[BlackElo "2868"]
[TimeControl "180+1"]
[EndTime "9:22:12 PDT"]
[Termination "nihalsarin won by resignation"]

1. b3 g6 2. Bb2 Nf6 3. Nf3 Bg7 4. e3 O-O 5. d4 d6 6. Be2 Nbd7 7. O-O Qe8 8. d5 a5 9. c4 e5 10. dxe6 fxe6 11.
Nc3 e5 12. Nb5 Qd8 13. Rc1 Nc5 14. a3 Bd7 15. b4 axb4 16. axb4 Na4 17. Ba1 Bxb5 18.
cxb5 Nb6 19. Qb3+ Kh8 20. Qc2 Rf7 21. Rfd1 Qe8 22. Ng5 Re7 23. h3 h6 24. Nf3 Qf7 25. Nh4 e4 26. g3 Ra2 27. Bb2 Na4 28. Bc4 Rxb2 29. Bxf7 Rxc2 30. Nxg6+ Kh7 31. Nxe7 Rb2 32. Rxc7 1-0

[Event "Early-Titled-Tuesday-Blitz-September-05-2023"]
[Site "Chess.com"]
[Date "2023.09.05"]
[Round "8"]
[White "hongnhung1234"]
[Black "Dmitry_Konenkin"]
[Result "0-1"]
[WhiteElo "2501"]
[BlackElo "2405"]
[TimeControl "180+1"]
[EndTime "9:22:23 PDT"]
[Termination "Dmitry_Konenkin won by resignation"]

1. e4 d6 2. d4 Nf6 3. Nc3 e5 4. Nf3 Nbd7 5. Be3 Be7 6. Qd2 c6 7. h3 b5 8. a3 a5 9. g4 Bb7 10. Bg2 b4 11. axb4 axb4 12. Rxa8 Qxa8 13. Nd1 Nxe4 14. Qxb4 d5 15. Qb3 exd4 16. Nxd4 Ndc5 17. Qb6 Bd8 18. Qb4 Ba5 19. c3 Bxb4 20. cxb4 Nd3+ 21.
Kf1 Qa1 22. Ke2 Ba6 23. Kf3 Ne5+ 24. Kf4 Ng6+ 25. Kf3 Nh4+ 0-1

[Event "Early-Titled-Tuesday-Blitz-September-05-2023"]
[Site "Chess.com"]
[Date "2023.09.05"]
[Round "8"]
[White "wannabe2700"]
[Black "ArmanGhevondyanchess"]
[Result "0-1"]
[WhiteElo "2619"]
[BlackElo "2498"]
[TimeControl "180+1"]
[EndTime "9:22:35 PDT"]
[Termination "ArmanGhevondyanchess won by resignation"]

1. f4 Nf6 2. Nf3 g6 3. b3 Bg7 4. Bb2 O-O 5. g3 d5 6. Bg2 c5 7. O-O Nc6 8. e3 b6 9. a4 Bb7 10. Na3 Rc8 11. Qe2 d4 12. e4 Ng4 13. d3 Ne3 14.
Rf2 e5 15. Bh3 f5 16. fxe5 Nxe5 17. Nxe5 Bxe5 18. Nc4 Bg7 19. exf5 Qd5 20. Bg2 Nxg2 21. Rxg2 Rce8 0-1

[Event "Early-Titled-Tuesday-Blitz-September-05-2023"]
[Site "Chess.com"]
[Date "2023.09.05"]
[Round "8"]
[White "Speshka"]
[Black "MasterKroket"]
[Result "1-0"]
[WhiteElo "2528"]
[BlackElo "2402"]
[TimeControl "180+1"]
[EndTime "9:22:35 PDT"]
[Termination "Speshka won by resignation"]

1. e4 e5 2. Nf3 Nc6 3. Bb5 a6 4. Ba4 Nf6 5. O-O Be7 6. Re1 b5 7. Bb3 O-O 8. a4 b4 9. d4 d6 10. dxe5 dxe5 11. Qe2 Bg4 12. c3 bxc3 13. bxc3 Qb8 14.
Nbd2 Bc5 15. Bd5 Nxd5 16. exd5 Na5 17. Rb1 Qa7 18. Ne4 f6 19. h3 Bd7 20. Nxc5 Qxc5 21. Be3 Qc4 22. Qxc4 Nxc4 23. Rb7 Bxa4 24. Rxc7 Rfd8 25.
Rxc4 1-0

[Event "Early-Titled-Tuesday-Blitz-September-05-2023"]
[Site "Chess.com"]
[Date "2023.09.05"]
[Round "8"]
[White "TC2304"]
[Black "knightinshiningarmour16"]
[Result "1-0"]
[WhiteElo "2336"]
[BlackElo "2111"]
[TimeControl "180+1"]
[EndTime "9:22:36 PDT"]
[Termination "TC2304 won by resignation"]

1. c4 e6 2. g3 d5 3. Bg2 c6 4. Nf3 Nf6 5. b3 Bd6 6. Bb2 Nbd7 7. O-O O-O 8. d4 Qe7 9. Nbd2 Ba3 10. Bc3 Bb4 11. Bb2 Ba3 12. Bc3 Bb4 13. Qc2 Bxc3 14. Qxc3 Ne4 15. Nxe4 dxe4 16. Ne5 f5 17. Rfd1 Nxe5 18.
dxe5 c5 19. Rd6 Bd7 20. Rad1 Bc6 21. e3 Rac8 22. a3 Rfd8 23. b4 b6 24. bxc5 bxc5 25.
Qa5 Ba8 26. Rxd8+ Rxd8 27. Qxd8+ Qxd8 28. Rxd8+ 1-0

[Event "Early-Titled-Tuesday-Blitz-September-05-2023"]
[Site "Chess.com"]
[Date "2023.09.05"]
[Round "8"]
[White "Duhless"]
[Black "lamomiajunior"]
[Result "1-0"]
[WhiteElo "2996"]
[BlackElo "2693"]
[TimeControl "180+1"]
[EndTime "9:22:40 PDT"]
[Termination "Duhless won by resignation"]

1. g4 d5 2. Bg2 c6 3. e3 e5 4. d4 e4 5. c4 Bb4+ 6. Nc3 Ne7 7. Qb3 Bd6 8. Bd2 Be6 9. Qxb7 Nd7 10.
cxd5 c5 11. dxe6 fxe6 12. Nxe4 Bc7 13. Qxa8 1-0

[Event "Early-Titled-Tuesday-Blitz-September-05-2023"]
[Site "Chess.com"]
[Date "2023.09.05"]
[Round "8"]
[White "CheckThis4"]
[Black "TimofeevAr"]
[Result "1/2-1/2"]
[WhiteElo "2670"]
[BlackElo "2849"]
[TimeControl "180+1"]
[EndTime "9:22:43 PDT"]
[Termination "Game drawn by agreement"]

1. d4 e6 2. e4 d5 3. Nd2 c5 4. Ngf3 Nc6 5. exd5 exd5 6. Bb5 Bd6 7. O-O Ne7 8. dxc5 Bxc5 9. Nb3 Bb6 10. Re1 O-O 11. Be3 h6 12. Bxb6 Qxb6 13. Bf1 Bg4 14. h3 Bxf3 15.
Qxf3 a5 16. a4 Rfe8 17. Bb5 Red8 18. Rad1 Qc7 19. c3 Rd6 20. Qg3 Rad8 21. Nd4 1/2-1/2

[Event "Early-Titled-Tuesday-Blitz-September-05-2023"]
[Site "Chess.com"]
[Date "2023.09.05"]
[Round "8"]
[White "Darius321"]
[Black "joksijoksi"]
[Result "1-0"]
[WhiteElo "2329"]
[BlackElo "2490"]
[TimeControl "180+1"]
[EndTime "9:22:45 PDT"]
[Termination "Darius321 won by resignation"]

1. e4 c5 2. Nf3 d6 3. Bb5+ Nd7 4. Ba4 a6 5. c3 Nf6 6. Bc2 g6 7. d4 Bg7 8. O-O O-O 9. Bf4 b5 10. e5 Nh5 11. Bg5 dxe5 12. dxe5 Nxe5 13. Nxe5 Qxd1 14. Bxd1 Bxe5 15. Bxe7 Re8 16. Bxc5 Nf4 17. Bf3 Rb8 18. Ba7 Bb7 19. Bxb8 Bxf3 20. Bxe5 1-0

[Event "Early-Titled-Tuesday-Blitz-September-05-2023"]
[Site "Chess.com"]
[Date "2023.09.05"]
[Round "8"]
[White "dropstoneDP"]
[Black "MarcoRiehle"]
[Result "1-0"]
[WhiteElo "3007"]
[BlackElo "2811"]
[TimeControl "180+1"]
[EndTime "9:22:53 PDT"]
[Termination "dropstoneDP won by resignation"]

1. e4 e5 2. Nf3 Nf6 3. Nc3 Nc6 4. d4 exd4 5. Nxd4 Nxe4 6. Nxc6 Nxc3 7. Nxd8 Nxd1 8.
Nxf7 Kxf7 9. Bc4+ Kg6 10. Kxd1 c6 11. Bd3+ Kf6 12. a4 d5 13. Be3 Bf5 14. Bd4+ Kg6 15.
Bxf5+ Kxf5 16. c3 c5 17. Be3 d4 18. cxd4 cxd4 19. Bd2 Bc5 20. Rc1 Rac8 21. Re1 Rhd8 22. Rc4 h5 23. f3 Bd6 24. Rxc8 Rxc8 25. h3 Bf4 26. g4+ hxg4 27. hxg4+ Kg5 28. Re5+ 1-0

[Event "Early-Titled-Tuesday-Blitz-September-05-2023"]
[Site "Chess.com"]
[Date "2023.09.05"]
[Round "8"]
[White "wqws"]
[Black "ural58"]
[Result "1-0"]
[WhiteElo "2640"]
[BlackElo "2517"]
[TimeControl "180+1"]
[EndTime "9:22:54 PDT"]
[Termination "wqws won by resignation"]

1. e4 d5 2. exd5 Qxd5 3. Nc3 Qd6 4. d4 c6 5. Nf3 Bf5 6. Bc4 e6 7. O-O Nd7 8. Qe2 h5 9. Ne4 Qc7 10. Re1 h4 11. Neg5 Be7 12. c3 Ngf6 13. h3 Nd5 14. Bd3 g6 15. Bxf5 gxf5 16. Nxf7 Kxf7 17. Qxe6+ Ke8 18.
c4 Nf8 19. Qxf5 Qd7 20. Qxd7+ Nxd7 21. cxd5 cxd5 22. Bg5 Rh7 23. Bxh4 1-0

[Event "Early-Titled-Tuesday-Blitz-September-05-2023"]
[Site "Chess.com"]
[Date "2023.09.05"]
[Round "8"]
[White "unclear15"]
[Black "Actuary44"]
[Result "1-0"]
[WhiteElo "2427"]
[BlackElo "2514"]
[TimeControl "180+1"]
[EndTime "9:22:56 PDT"]
[Termination "unclear15 won by resignation"]

1. e4 b6 2. Nf3 Bb7 3. Nc3 e6 4. d4 Nf6 5. Bd3 d5 6. e5 Nfd7 7. O-O c5 8. Bg5 Qc8 9. Re1 Nc6 10. Nxd5 exd5 11. e6 fxe6 12. Rxe6+ Be7 13. Qe2 Nf6 14. Bxf6 gxf6 15. Re1 c4 16. Rxc6 Qd7 17. Bf5 Qd8 18. Re6 1-0

[Event "Early-Titled-Tuesday-Blitz-September-05-2023"]
[Site "Chess.com"]
[Date "2023.09.05"]
[Round "8"]
[White "santosalberto1987"]
[Black "03revilo"]
[Result "0-1"]
[WhiteElo "2546"]
[BlackElo "2457"]
[TimeControl "180+1"]
[EndTime "9:22:59 PDT"]
[Termination "03revilo won by resignation"]

1. e4 c6 2. c4 d5 3. exd5 cxd5 4. cxd5 Nf6 5. Qa4+ Nbd7 6. Bc4 g6 7. Nc3 Bg7 8. d3 O-O 9. Nf3 Nb6 10. Qb3 Bf5 11.
O-O Nfd7 12. Be3 Rc8 13. Nd4 Nc5 14. Qd1 Nxc4 15. Nxf5 Nxb2 16. Qc2 gxf5 17. Qxb2 Nxd3 18. Qxb7 Rxc3 19. Qxa7 f4 20. Bb6 Qxd5 21. Qxe7 Rc6 22. Rab1 Rg6 23. f3 Bd4+ 24. Bxd4 Qxd4+ 25. Kh1 Nf2+ 26.
Rxf2 Qxf2 27. Rg1 Rc8 0-1

[Event "Early-Titled-Tuesday-Blitz-September-05-2023"]
[Site "Chess.com"]
[Date "2023.09.05"]
[Round "8"]
[White "Alexander_Donchenko"]
[Black "Doomfist26"]
[Result "1-0"]
[WhiteElo "2856"]
[BlackElo "2627"]
[TimeControl "180+1"]
[EndTime "9:23:10 PDT"]
[Termination "Alexander_Donchenko won by resignation"]

1. d4 Nf6 2. c4 g6 3. Nc3 Bg7 4. e4 d6 5. Nf3 O-O 6. Be2 e5 7. dxe5 dxe5 8. Qxd8 Rxd8 9. Bg5 Re8 10. O-O-O c6 11.
Nxe5 Na6 12. f4 Nc5 13. Bf3 Nfxe4 14. Nxe4 Nxe4 15. Bxe4 f6 16. Bxf6 Bxf6 17. Rhe1 Kg7 18. Bf3 Be6 19. b3 a5 20. Nxc6 a4 21. Nd4 Bf7 22.
Rxe8 Rxe8 23. Bxb7 a3 24. Bd5 Bxd4 25. Rxd4 Re1+ 26.
Rd1 Re2 27. Rd2 1-0

[Event "Early-Titled-Tuesday-Blitz-September-05-2023"]
[Site "Chess.com"]
[Date "2023.09.05"]
[Round "8"]
[White "miraitrunks"]
[Black "campochess"]
[Result "1-0"]
[WhiteElo "2037"]
[BlackElo "2172"]
[TimeControl "180+1"]
[EndTime "9:23:11 PDT"]
[Termination "miraitrunks won by resignation"]

1. e4 c5 2. Nc3 Nc6 3. Nge2 g6 4. d3 Bg7 5. Be3 d6 6. g3 Nf6 7.
Bg2 O-O 8. h3 b5 9. e5 b4 10.
Bxc6 bxc3 11. Bxa8 cxb2 12. Rb1 dxe5 13. Bg2 Qa5+ 14.
Bd2 Qxa2 15. Bc3 e4 16. Bxb2 exd3 17. cxd3 Rd8 18. O-O Qa6 19. Nf4 Bf5 20. Ra1 Qb6 21. Bxf6 exf6 22. Rb1 Qd6 23. Qb3 Bxd3 24. Nxd3 Qxd3 25.
Rfd1 Qxb1 26. Qxb1 Re8 27. Rd7 f5 28. Qb3 Rf8 29. Rxf7 Rxf7 30. Bd5 1-0

[Event "Early-Titled-Tuesday-Blitz-September-05-2023"]
[Site "Chess.com"]
[Date "2023.09.05"]
[Round "8"]
[White "pouya21"]
[Black "Vesper2018"]
[Result "0-1"]
[WhiteElo "2796"]
[BlackElo "2598"]
[TimeControl "180+1"]
[EndTime "9:23:17 PDT"]
[Termination "Vesper2018 won by resignation"]

1. e4 c5 2. Nf3 d6 3. d4 cxd4 4. Nxd4 Nf6 5. f3 e5 6. Nb3 a5 7.
a4 Be7 8. Bb5+ Nc6 9. Nc3 O-O 10. Be3 Nb4 11. O-O Be6 12. Qe2 d5 13. exd5 Nfxd5 14.
Nxd5 Nxd5 15. Rad1 Qc7 16. Bc1 Bf6 17. Bd3 Nb4 18.
Be4 Bc4 19. Qf2 Bxf1 20. Rxf1 Rfd8 21. Nc5 Be7 22. Be3 Nd5 23. Nxb7 Nxe3 24. Nxd8 Rxd8 0-1

[Event "Early-Titled-Tuesday-Blitz-September-05-2023"]
[Site "Chess.com"]
[Date "2023.09.05"]
[Round "8"]
[White "guillembaches"]
[Black "chess123456s"]
[Result "1/2-1/2"]
[WhiteElo "2529"]
[BlackElo "2659"]
[TimeControl "180+1"]
[EndTime "9:23:22 PDT"]
[Termination "Game drawn by agreement"]

1. e4 e5 2. Nf3 Nc6 3. Nc3 Nf6 4. d4 exd4 5. Nxd4 Bb4 6. Nxc6 bxc6 7. Bd3 d5 8. Bd2 O-O 9. O-O Rb8 10. Re1 Re8 11. a3 Bc5 12. h3 Be6 13. b4 Bd4 14. Rb1 Bxc3 15. Bxc3 Nxe4 16. Bxe4 dxe4 17. Rxe4 Bf5 18. Rxe8+ Qxe8 19. Qd4 f6 20. Re1 Qd7 21. Qxa7 Rd8 22. Qc5 Qd5 23. Qxd5+ cxd5 24. Bd4 1/2-1/2

[Event "Early-Titled-Tuesday-Blitz-September-05-2023"]
[Site "Chess.com"]
[Date "2023.09.05"]
[Round "8"]
[White "sergoy"]
[Black "Agibileg"]
[Result "1-0"]
[WhiteElo "2901"]
[BlackElo "2671"]
[TimeControl "180+1"]
[EndTime "9:23:23 PDT"]
[Termination "sergoy won by resignation"]

1. d4 Nf6 2. c4 g6 3. Nc3 Bg7 4. e4 d6 5. Nf3 O-O 6. Be2 e5 7. O-O Nc6 8. d5 Ne7 9. b4 Nd7 10. a4 f5 11. Ng5 Nf6 12. Bf3 h6 13. Ne6 Bxe6 14. dxe6 c6 15. b5 d5 16. exd5 e4 17.
d6 exf3 18. dxe7 Qxe7 19. Ba3 Qxe6 20. Bxf8 fxg2 21. Re1 Qxc4 22. Bxg7 Kxg7 23. Rc1 Qh4 24. Qd6 f4 25. Re7+ Kh8 26. Qe5 Rf8 27. Ne4 h5 1-0

[Event "Early-Titled-Tuesday-Blitz-September-05-2023"]
[Site "Chess.com"]
[Date "2023.09.05"]
[Round "8"]
[White "Semetey"]
[Black "merinasian"]
[Result "1-0"]
[WhiteElo "2576"]
[BlackElo "2432"]
[TimeControl "180+1"]
[EndTime "9:23:35 PDT"]
[Termination "Semetey won by checkmate"]

1. Nf3 Nf6 2. g3 e6 3. Bg2 b6 4.
c4 Bb7 5. b3 g6 6. Bb2 Bg7 7.
O-O O-O 8. d3 d6 9. d4 c5 10.
Nc3 cxd4 11. Qxd4 Nc6 12. Qd2 d5 13. cxd5 Nxd5 14. Nxd5 Bxb2 15. Qxb2 Qxd5 16. Rfd1 Qb5 17. a4 Qb4 18. Rd7 Ba6 19. Ng5 Rad8 20. Nxe6 Rxd7 21. Qg7# 1-0